 Dungeon Crawl Stone Soup version 0.28.0 (webtiles) character file.

Game seed: 6347167000379555204

1011 Morbidden the Slasher (level 8, 61/61 HPs)
             Began as a Demonspawn Fighter on Feb 8, 2022.
             Was an Initiate of Vehumet.
             Quit the game on level 6 of the Dungeon.
             The game lasted 00:05:49 (6415 turns).

Morbidden the Slasher (Demonspawn Fighter)          Turns: 6415, Time: 00:05:50

Health: 61/61      AC: 15    Str: 18    XL:     8   Next: 1%
Magic:  10/10      EV:  7    Int: 11    God:    Vehumet [......]
Gold:   136        SH:  8    Dex: 12    Spells: 10/10 levels left

rFire   . . .      SeeInvis .   a - +0 long sword
rCold   . . .      Faith    .   c - +0 buckler
rNeg    . . .      Spirit   .   r - +0 plate armour
rPois   .          Reflect  .   (helmet restricted)
rElec   .          Harm     .   (no cloak)
rCorr   .          Rampage  .   (no gloves)
Will    .....                   (no boots)
Stlth   ..........              j - amulet of magic regeneration
HPRegen 0.20/turn               (no ring)
MPRegen 0.52/turn               (no ring)

@: no status effects
A: antennae 1, icemail 1, sturdy frame 1, condensation shield
a: Renounce Religion


You were on level 6 of the Dungeon.
You worshipped Vehumet.
Vehumet was noncommittal.
You visited 2 branches of the dungeon, and saw 7 of its levels.

You collected 136 gold pieces.

Inventory:

Hand Weapons
 a - a +0 long sword (weapon)
Missiles
 z - 6 poisoned darts (quivered)
Armour
 c - a +0 buckler (worn)
 q - a +0 helmet
 r - a +0 plate armour (worn)
Magical Staves
 u - a staff of conjuration
Jewellery
 j - an amulet of magic regeneration (around neck)
Wands
 A - a wand of acid (1)
Scrolls
 e - a scroll of silence {unknown}
 g - 2 scrolls of amnesia {unknown}
 h - 4 scrolls of teleportation
 i - a scroll of fear {unknown}
 l - a scroll of acquirement {unknown}
 m - a scroll of noise {unknown}
 p - a scroll of magic mapping {unknown}
 t - a scroll of fog {unknown}
 w - a scroll of blinking {unknown}
 x - a scroll of torment {unknown}
 y - 4 scrolls of identify {unknown}
Potions
 b - a potion of degeneration {unknown}
 d - a potion of magic {unknown}
 f - a potion of curing
 k - 2 potions of haste {unknown}
 n - 2 potions of brilliance {unknown}
 o - a potion of heal wounds
 s - a potion of mutation {unknown}
 v - a potion of flight {unknown}


   Skills:
 * Level 4.6 Fighting
 * Level 6.1 Long Blades
 + Level 4.1 Armour
 * Level 2.4 Dodging
 + Level 0.1 Stealth
 + Level 3.3 Shields
 * Level 1.6 Spellcasting
 + Level 0.1 Evocations


You had 10 spell levels left.
You didn't know any spells.
Your spell library contained the following spells:

 Spells                   Type           Power      Damage    Failure   Level
 Tukima's Dance           Hex            0%         N/A       100%        3
 Anguish                  Hex/Necr       0%         N/A       100%        4
 Enfeeble                 Hex            0%         N/A       100%        7


Dungeon Overview and Level Annotations

Branches:
Dungeon (6/15)             Temple (1/1) D:5

Altars:
Elyvilon
Gozag
Kikubaaqudgha
Makhleb
Okawaru
Qazlal
Ru
Sif Muna
Uskayaw
Vehumet
Wu Jian
Xom
Zin
The Shining One


Innate Abilities, Weirdness & Mutations

You have a pair of small antennae on your head.
A meltable icy envelope protects you from harm. (AC +4)
Your movements are slightly less encumbered by armour. (ER -2)
A meltable shield of frost defends you. (SH +4)


Message History

No target in view!
Done exploring.
There is a stone staircase leading down here.
You climb downwards.
There is a stone staircase leading up here.
Unknown command.
You enter the shallow water.
Moving in this stuff is going to be slow.
You enter the shallow water.
Moving in this stuff is going to be slow.
You enter the shallow water.
Moving in this stuff is going to be slow.
Found a stone staircase leading down.
No target in view!
No target in view!
A necrophage comes into view.
A necrophage is nearby!
A necrophage is nearby!
You block the necrophage's attack.
A necrophage is nearby!
You slash the necrophage!
The necrophage is moderately damaged.
The necrophage hits you but does no damage.
You hit the necrophage.
The necrophage is heavily damaged.
You block the necrophage's attack.
You closely miss the necrophage.
The necrophage is heavily damaged.
The necrophage hits you but does no damage.
You slash the necrophage!
The necrophage is almost destroyed.
You block the necrophage's attack.
You hit the necrophage.
You destroy the necrophage!
Vehumet accepts your kill.
You have reached level 8!
You feel stronger.
Your demonic ancestry asserts itself...
A pair of antennae grows on your head!
Your +0 helmet falls away!
Are you sure you want to abandon this character and quit the game? (Confirm with "yes".)

##.♣P.P♣
##..##.##
##......#
##......##
#.......##
#.........##
##.........##
#..#.......##
#####...@...#
##..†....#
##.......#
#.>......#
##.......#
##......#
#......
#...#.


There were no monsters in sight!

Vanquished Creatures
  Sigmund (D:2)
  Menkaure (D:5)
  Edmund (D:5)
  A necrophage (D:6)
  Blork the orc (D:5)
  A scorpion (D:4)
  A jelly (D:5)
  A hound (D:5)
  A centaur skeleton (D:4)
  Ijyb (D:5)
  3 iguanas
  Terence (D:2)
  Robin (D:2)
  3 gnolls (D:5)
  10 adders
  2 worms (D:3)
  A dart slug (D:1)
  2 orcs
  4 ball pythons
  7 endoplasms
  2 giant cockroaches
  15 goblins
  10 hobgoblins
  5 kobolds
  A quokka (D:4)
  4 bats
  A frilled lizard (D:1)
  5 rats
87 creatures vanquished.

Notes
Turn   | Place    | Note
-------+----------+-------------------------------------------
     0 | D:1      | Morbidden the Demonspawn Fighter began the quest for the
                  | Orb.
     0 | D:1      | Reached XP level 1. HP: 18/18 MP: 1/1
   242 | D:1      | Gained mutation: Your movements are slightly less
                  | encumbered by armour. (ER -2) [demonic ancestry]
   242 | D:1      | Reached XP level 2. HP: 24/24 MP: 2/2
   412 | D:1      | Reached skill level 2 in Long Blades
   892 | D:2      | Noticed Sigmund
   903 | D:2      | Killed Sigmund
   904 | D:2      | Reached skill level 3 in Long Blades
   904 | D:2      | Reached skill level 1 in Dodging
   904 | D:2      | Reached XP level 3. HP: 24/29 MP: 3/3
   904 | D:2      | Gained mutation: A meltable shield of frost defends you.
                  | (SH +4) [demonic ancestry]
   904 | D:2      | Reached XP level 4. HP: 30/36 MP: 4/4
   904 | D:2      | Reached XP level 5. HP: 34/41 MP: 5/5
  1032 | D:2      | Reached skill level 4 in Long Blades
  1360 | D:2      | Noticed Robin
  1373 | D:2      | Killed Robin
  1412 | D:2      | You fall into a shaft and drop 2 floors!
  1586 | D:4      | Reached XP level 6. HP: 46/48 MP: 6/6
  2071 | D:2      | Noticed Terence
  2088 | D:2      | Killed Terence
  3039 | D:3      | Found an opulent altar of Gozag.
  4322 | D:4      | Reached skill level 5 in Long Blades
  4750 | D:5      | Entered Level 5 of the Dungeon
  5056 | D:5      | Noticed Menkaure
  5064 | D:5      | Killed Menkaure
  5065 | D:5      | Reached skill level 1 in Spellcasting
  5065 | D:5      | Gained mutation: A meltable icy envelope protects you from
                  | harm. (AC +4) [demonic ancestry]
  5065 | D:5      | Reached XP level 7. HP: 54/54 MP: 8/8
  5108 | D:5      | Noticed Blork the orc
  5133 | D:5      | Killed Blork the orc
  5435 | D:5      | Found a staircase to the Ecumenical Temple.
  5669 | Temple   | Entered the Ecumenical Temple
  5786 | Temple   | Became a worshipper of Vehumet
  5927 | D:5      | Noticed Ijyb
  5929 | D:5      | Noticed Edmund
  5939 | D:5      | Killed Ijyb
  6156 | D:5      | Killed Edmund
  6157 | D:5      | Reached skill level 6 in Long Blades
  6415 | D:6      | Gained mutation: You have a pair of small antennae on your
                  | head. [demonic ancestry]
  6415 | D:6      | Reached XP level 8. HP: 61/61 MP: 10/10
  6415 | D:6      | Quit the game

Illustrated notes

Levels and vault maps discovered:
D:1:      psy_arrival_terrarium, layout_basic
D:2:      layout_basic, uniq_robin, uniq_sigmund, uniq_terence
D:3:      layout_basic, mainiacjoe_overflow_six_doors_small
D:4:      wander_river, layout_cave_pools
D:5:      layout_loops_ring, temple_doors_e, minmay_misc_feat_tiny, uniq_edmund,
          uniq_blork_the_orc, uniq_menkaure, uniq_ijyb
D:6:      nicolae_cairo_tiling_large_dashed, layout_cave_pods,
          mainiacjoe_overflow_big_doors, trog_three_pillars_becter,
          serial_bayou_crossing
Temple:   dshaligram_water_room_temple

Skill      XL: |  1  2  3  4  5  6  7 |
---------------+----------------------+-----
Armour         | 3 4 |  4.1
Long Blades    | 3 4 5 6 |  6.1
Shields        | 3 |  3.3
Dodging        | 1 2 |  2.4
Fighting       | 4 |  4.6
Spellcasting   | 1 |  1.6
Stealth        | |  0.1
Evocations     | |  0.1

Action                   |  1- 3 |  4- 6 |  7- 9 || total
-------------------------+-------+-------+-------++-------
Melee: Long sword        |    53 |   229 |    75 ||   357
Evoke: Wand              |       |       |     4 ||     4
  Use: Potion            |     1 |     4 |     1 ||     6
       Scroll            |       |       |     1 ||     1
Armor: Scale mail        |    33 |    39 |       ||    72
       Plate armour      |       |    37 |    36 ||    73
Dodge: Dodged            |    32 |    85 |    19 ||   136
Block: Buckler           |     9 |   101 |    25 ||   135
